 Dungeon Crawl Stone Soup version 0.18.1-48-g4cf74bf (webtiles) character file.

359 Inkary the Skirmisher (level 6, -2/56 HPs)
             Began as a Hill Orc Fighter on Aug 30, 2016.
             Was an Initiate of Okawaru.
             Slain by an ogre
             ... wielding a +0 giant spiked club
              (15 damage)
             ... on level 5 of the Dungeon.
             The game lasted 00:03:59 (3237 turns).

Inkary the Skirmisher (Hill Orc Fighter)            Turns: 3237, Time: 00:04:00

Health: -2/56      AC:  7    Str: 19    XL:     6   Next: 65%
Magic:  6/6        EV:  8    Int:  8    God:    Okawaru [......]
Gold:   148        SH:  9    Dex: 12    Spells: 0 memorised, 5 levels left

rFire  . . .     SeeInvis .     a - +0 war axe
rCold  . . .     Gourm    .     m - +0 ring mail {MR+}
rNeg   . . .     Faith    .     c - +0 shield
rPois  .         Spirit   .     (no helmet)
rElec  .         Dismiss  .     (no cloak)
rCorr  .         Reflect  .     h - +0 pair of gloves
SustAt .         Harm     .     (no boots)
MR     +....                    (no amulet)
Stlth  +.........               (no ring)
                                (no ring)

@: somewhat resistant to hostile enchantments, very unstealthy
A: no striking features
a: Renounce Religion


You were on level 5 of the Dungeon.
You worshipped Okawaru.
Okawaru was noncommittal.
You were very hungry.

You visited 2 branches of the dungeon, and saw 6 of its levels.

You collected 148 gold pieces.

Inventory:

Hand Weapons
 a - a +0 war axe (weapon)
Armour
 c - a +0 shield (worn)
 h - a +0 pair of gloves (worn)
 m - a +0 ring mail of magic resistance (worn)
Scrolls
 b - a scroll of teleportation {unknown}
 e - 4 scrolls of remove curse {unknown}
 i - 4 scrolls of enchant weapon {unknown}
 j - 7 scrolls of identify {unknown}
 p - a scroll of amnesia {unknown}
Potions
 d - a potion of might
 l - 2 potions of curing {unknown}
 n - 2 potions of agility {unknown}
 q - a potion of haste {unknown}
Comestibles
 f - 3 bread rations
 g - 2 meat rations
 k - 3 fruits
 o - a royal jelly


   Skills:
 + Level 5.3 Fighting
 + Level 5.0 Axes
 + Level 5.0 Armour
 + Level 4.6 Shields


You had 5 spell levels left.
You didn't know any spells.

Dungeon Overview and Level Annotations

Branches:
Dungeon (5/15)             Temple (1/1) D:4

Altars:
Ashenzari
Dithmenos
Elyvilon
Fedhas
Gozag
Kikubaaqudgha
Makhleb
Nemelex Xobeh
Okawaru
Pakellas
Qazlal
Ru
Sif Muna
Trog
Vehumet
Yredelemnul
Zin
The Shining One


Message History

You closely miss the ogre.
The ogre is moderately wounded.
The ogre closely misses you.
You barely miss the ogre.
The ogre is moderately wounded.
The ogre hits you with a giant spiked club!
Unknown command.
You hit the ogre.
The ogre is heavily wounded.
You block the ogre's attack.
Unknown command.
You slash the ogre!
The ogre is severely wounded.
The ogre hits you with a giant spiked club!!
* * * LOW HITPOINT WARNING * * *
You are too injured to fight recklessly!
You hit the ogre.
The ogre is severely wounded.
The ogre hits you with a giant spiked club!
You die...

## #. .. #.
#. #
####.#####.#
#....O..<..#
.##†@.....#
#.......#.##
#.#####.#.#
# .....
##.#.##
#.#.# ..#..
... #.


You could see an ogre.

Vanquished Creatures
  A giant frog (D:4)
  2 hounds
  Ijyb (D:3)
  An orc wizard (D:3)
  2 worker ants (D:4)
  6 adders
  2 dart slugs (D:2)
  2 giant geckos
  4 orcs (D:3)
  5 giant cockroaches
  5 goblins
  10 hobgoblins
  7 jackals
  2 quokkas
  3 ball pythons
  4 bats
  2 giant newts (D:2)
  8 kobolds
  6 rats
73 creatures vanquished.

Notes
Turn   | Place    | Note
--------------------------------------------------------------
     0 | D:1      | Inkary the Hill Orc Fighter began the quest for the Orb.
     0 | D:1      | Reached XP level 1. HP: 19/19 MP: 1/1
   146 | D:1      | Reached XP level 2. HP: 16/27 MP: 2/2
   195 | D:1      | You fall through a shaft!
   408 | D:2      | Reached XP level 3. HP: 33/33 MP: 3/3
  1177 | D:2      | Reached XP level 4. HP: 38/41 MP: 4/4
  1903 | D:3      | Reached XP level 5. HP: 28/47 MP: 5/5
  2073 | D:3      | Noticed Ijyb
  2116 | D:3      | Killed Ijyb
  2366 | D:3      | You fall through a shaft!
  2378 | D:4      | Reached skill level 5 in Fighting
  2489 | D:4      | Reached XP level 6. HP: 20/56 MP: 6/6
  2939 | D:4      | Found a staircase to the Ecumenical Temple.
  2946 | Temple   | Entered the Ecumenical Temple
  3048 | Temple   | Became a worshipper of Warmaster Okawaru
  3226 | D:5      | Entered Level 5 of the Dungeon
  3233 | D:5      | Reached skill level 5 in Axes
  3233 | D:5      | Reached skill level 5 in Armour
  3237 | D:5      | Slain by an ogre

Skill      XL: |  1  2  3  4  5  6 |
---------------+-------------------+-----
Fighting       | 4 5 |  5.3
Axes           | 3 4 5 |  5.0
Armour         | 4 5 |  5.0
Shields        | 4 |  4.6

Action                   |  1- 3 |  4- 6 || total
-------------------------+-------+-------++-------
Melee: War axe           |   102 |   183 ||   285
  Eat: Chunk             |     1 |     5 ||     6
       Fruit             |       |     1 ||     1
Armor: Scale mail        |    43 |    90 ||   133
       Ring mail         |       |     1 ||     1
Dodge: Dodged            |    33 |    49 ||    82
Block: Shield            |    45 |    91 ||   136
